 Dungeon Crawl Stone Soup version 0.19.4 (webtiles) character file.

1646 Jynx the Firebug (level 8, -8/41 HPs)
             Began as a Deep Elf Fire Elementalist on Feb 1, 2017.
             Was a Follower of Vehumet.
             Mangled by an orc warrior
             ... wielding a +0 halberd
              (20 damage)
             ... on level 6 of the Dungeon.
             The game lasted 00:13:47 (6575 turns).

Jynx the Firebug (Deep Elf Fire Elementalist)       Turns: 6575, Time: 00:13:49

Health: -8/41      AC:  6    Str:  5    XL:     8   Next: 67%
Magic:  14/20      EV: 15    Int: 21    God:    Vehumet [*.....]
Gold:   265        SH:  0    Dex: 17    Spells: 5 memorised, 5 levels left

rFire  + . .     SeeInvis .     y - +3 dagger (speed)
rCold  x . .     Gourm    .     a - +0 robe
rNeg   . . .     Faith    .     (no shield)
rPois  .         Spirit   .     (no helmet)
rElec  .         Reflect  .     u - +0 cloak
rCorr  .         Harm     .     k - +0 pair of gloves
MR     +....                    q - +1 pair of boots
Stlth  ++........               (no amulet)
                                h - ring of protection from magic
                                f - ring of fire

@: no status effects
A: no striking features
a: Renounce Religion


You were on level 6 of the Dungeon.
You worshipped Vehumet.
Vehumet was aware of your devotion.
You were not hungry.

You visited 2 branches of the dungeon, and saw 7 of its levels.

You collected 265 gold pieces.

Inventory:

Hand Weapons
 y - a +3 dagger of speed (weapon)
Armour
 a - a +0 robe (worn)
 k - a +0 pair of gloves (worn)
 q - a +1 pair of boots (worn)
 u - a +0 cloak (worn)
Jewellery
 f - a ring of fire (left hand)
 h - a ring of protection from magic (right hand)
 l - an uncursed ring of stealth
 B - an uncursed ring of see invisible {unknown}
Scrolls
 e - 2 scrolls of teleportation
 n - 2 scrolls of amnesia
 o - 2 scrolls of magic mapping
 r - a scroll of fog
 s - 2 scrolls of remove curse
 v - 2 scrolls of identify
Potions
 i - a potion of ambrosia
 m - a potion of curing
 p - 2 potions of might
 t - 3 potions of lignification
 A - a potion of mutation
Books
 b - a book of Flames

   Spells                             Type                      Level
   a - Flame Tongue                   Conjuration/Fire             1
   b - Throw Flame                    Conjuration/Fire             2
   c - Conjure Flame                  Conjuration/Fire             3
   d - Inner Flame                    Hexes/Fire                   3
   e - Sticky Flame                   Conjuration/Fire             4
   f - Fireball                       Conjuration/Fire             5
 x - a book of Misfortune

   Spells                             Type                      Level
   a - Confusing Touch                Hexes                        1
   b - Confuse                        Hexes                        3
   c - Gell's Gravitas                Hexes/Translocation          3
   d - Petrify                        Transmutation/Earth          4
   e - Metabolic Englaciation         Hexes/Ice                    5
   f - Yara's Violent Unravelling     Hexes/Transmutation          5
Comestibles
 c - 3 bread rations
 d - a royal jelly
 g - 3 fruits
 j - 5 meat rations
 w - a beef jerky


   Skills:
 + Level 3.1 Short Blades
 + Level 5.0 Dodging
 - Level 2.4 Stealth
 + Level 7.1 Spellcasting
 + Level 5.5 Conjurations
 + Level 3.8 Hexes
 + Level 7.3 Fire Magic


You had 5 spell levels left.
You knew the following spells:

 Your Spells              Type           Power        Failure   Level  Hunger
a - Flame Tongue          Conj/Fire      #####        1%          1    None
b - Conjure Flame         Conj/Fire      ######..     1%          3    #......
c - Sticky Flame          Conj/Fire      ######..     8%          4    ###....
d - Fireball              Conj/Fire      ######....   21%         5    #####..
e - Confuse               Hex            ###.....     6%          3    #......


Dungeon Overview and Level Annotations

Branches:
Dungeon (6/15)             Temple (1/1) D:4

Altars:
Ashenzari
Dithmenos
Gozag
Hepliaklqana
Makhleb
Nemelex Xobeh
Okawaru
Qazlal
Sif Muna
Trog
Uskayaw
Vehumet
Yredelemnul
The Shining One


Message History

The fireball engulfs the orc.
You kill the orc!
Vehumet accepts your kill.
The orc priest mumbles some strange prayers to Beogh against you.
Beogh smites you!
The orc wizard casts a spell.
The orc wizard flickers and vanishes!
Deactivating autopickup; reactivate with Ctrl-A.
Casting: Fireball
Confirm with . or Enter, or press ? or * to list all spells.
Aiming: Fireball
Press: ? - help, Shift-Dir - straight line
Okay, then.
The orc priest calls down the wrath of Beogh upon you.
Beogh smites you!
A puff of flame appears from out of thin air!
The puff of flame hits you! You resist.
* * * LOW HITPOINT WARNING * * *
The orc warrior hits you from afar with a halberd!!
You die...

..#.....#....#...8.
..#.....#...##....########
..#....)#...#.........o...
..#.....#...#....P...)....
..#.....#...#.............
..#.....#...#..........)..
..#.....+...#.............
..+.......<.#.....o..#####
..#.........+...@....#
###.......###........#
.....................#
......................<.
.....†.......########.##
.............# ...
.............# ..
.............#
#............#


You could see an orc warrior and an orc priest.

Vanquished Creatures
  A hungry ghost (D:3)
  2 sky beasts (D:6)
  2 ogres (D:4)
  A phantom (D:4)
  2 centaurs (D:5)
  A water moccasin skeleton (D:5)
  A scorpion (D:4)
  An oklob sapling (D:4)
  4 wights (D:4)
  A crimson imp (D:5)
  A gnoll shaman (D:6)
  2 hounds (D:5)
  A bullfrog skeleton (D:6)
  An iguana (D:5)
  4 orc wizards
  A worker ant (D:5)
  A hound zombie (D:5)
  A hound skeleton (D:4)
  3 worker ant zombies
  8 gnolls
  5 adders
  2 shadow imps (D:5)
  2 oozes
  An adder zombie (D:6)
  3 adder skeletons
  2 worms
  A dart slug (D:3)
  3 leopard geckos
  14 orcs
  4 bats
  5 giant cockroaches
  8 goblins
  7 hobgoblins
  8 jackals
  5 kobolds
  A quokka (D:5)
  A ball python (D:2)
  9 frilled lizards
  A quokka zombie (D:4)
  9 rats
  A plant (D:4)
131 creatures vanquished.

Notes
Turn   | Place    | Note
-------+----------+-------------------------------------------
     0 | D:1      | Jynx the Deep Elf Fire Elementalist began the quest for the Orb.
     0 | D:1      | Reached XP level 1. HP: 10/10 MP: 6/6
   252 | D:1      | Reached XP level 2. HP: 15/15 MP: 6/8
   937 | D:2      | Reached XP level 3. HP: 19/19 MP: 7/10
  1104 | D:2      | Found a faded altar of an unknown god.
  1104 | D:2      | Found a faded altar of an unknown god.
  1111 | D:2      | Found a faded altar of an unknown god.
  1113 | D:2      | Found a basalt altar of Yredelemnul.
  1115 | D:2      | Found a faded altar of an unknown god.
  1525 | D:3      | Learned a level 3 spell: Conjure Flame
  1701 | D:3      | Reached XP level 4. HP: 24/24 MP: 6/12
  1769 | D:3      | Noticed a hungry ghost
  1789 | D:3      | Killed a hungry ghost
  1789 | D:3      | Reached skill level 5 in Fire Magic
  1789 | D:3      | Reached XP level 5. HP: 24/28 MP: 3/14
  2459 | D:4      | Noticed a phantom
  2468 | D:4      | Killed a phantom
  2468 | D:4      | Reached skill level 5 in Spellcasting
  2468 | D:4      | Reached XP level 6. HP: 30/32 MP: 7/15
  2510 | D:4      | Found a staircase to the Ecumenical Temple.
  2520 | D:4      | Learned a level 4 spell: Sticky Flame
  2526 | D:4      | Learned a level 5 spell: Fireball
  2979 | D:4      | Reached skill level 1 in Short Blades
  2979 | D:4      | Reached XP level 7. HP: 36/36 MP: 10/17
  3469 | Temple   | Entered the Ecumenical Temple
  3581 | Temple   | Became a worshipper of Vehumet
  3989 | D:4      | Found an iron altar of Okawaru.
  3993 | D:4      | Found a shattered altar of Ashenzari.
  4534 | D:4      | Found a deep blue altar of Sif Muna.
  4722 | D:4      | Learned a level 3 spell: Confuse
  4738 | D:5      | Entered Level 5 of the Dungeon
  5332 | D:5      | Reached skill level 1 in Hexes
  5355 | D:5      | Found a sparkling altar of Nemelex Xobeh.
  5419 | D:5      | Reached XP level 8. HP: 41/41 MP: 11/19
  5656 | D:5      | Reached * piety under Vehumet
  5656 | D:5      | Offered knowledge of Sting by Vehumet.
  5791 | D:5      | Reached skill level 5 in Conjurations
  6411 | D:6      | Reached skill level 5 in Dodging
  6575 | D:6      | Mangled by an orc warrior

Skill      XL: |  1  2  3  4  5  6  7  8 |
---------------+-------------------------+-----
Fire Magic     | 4 5 6 7 |  7.3
Spellcasting   | 4 5 6 7 |  7.1
Conjurations   | 2 3 4 5 |  5.5
Short Blades   | 1 2 3 |  3.1
Dodging        | 3 4 5 |  5.0
Hexes          | 1 3 |  3.8
Stealth        | |  2.4

Action                   |  1- 3 |  4- 6 |  7- 9 || total
-------------------------+-------+-------+-------++-------
Melee: Dagger            |       |       |    59 ||    59
       Short sword       |       |       |     2 ||     2
 Cast: Flame Tongue      |    74 |    69 |   180 ||   323
       Confuse           |       |       |     5 ||     5
       Sticky Flame      |       |       |     5 ||     5
       Fireball          |       |       |     5 ||     5
       Conjure Flame     |       |       |     1 ||     1
  Use: Scroll            |    14 |     1 |     3 ||    18
 Stab: Confused          |       |       |     1 ||     1
  Eat: Chunk             |     2 |     6 |    12 ||    20
       Fruit             |       |       |     1 ||     1
Armor: Robe              |     5 |     3 |    24 ||    32
Dodge: Dodged            |    14 |     5 |    55 ||    74
